 Dungeon Crawl Stone Soup version 0.14-a0-586-g2535b90 (webtiles) character file.

2270 PolkaDot the Jinx (level 9, 0/57 HPs)
             Began as a Vampire Enchanter on Nov 4, 2013.
             Was a Priest of Makhleb.
             Slain by a goliath beetle (26 damage)
             ... on Level 7 of the Dungeon.
             The game lasted 00:29:15 (5964 turns).

PolkaDot the Jinx (Vampire Enchanter)               Turns: 5964, Time: 00:29:15

HP   0/57        AC  4     Str 10      XL: 9   Next:  6%
MP   9/20        EV 13     Int 18      God: Makhleb [***...]
Gold 196         SH  0     Dex 18      Spells:  5 memorised,  0 levels left

Res.Fire  : . . .   See Invis. : +   p - +0,+3 dwarf dagger (venom)
Res.Cold  : + + .   Warding    : .   y - +2 robe "Talekueh" {Str+3 Dex+2}
Life Prot.: + + +   Conserve   : .   (no shield)
Res.Poison: +       Res.Corr.  : .   (no helmet)
Res.Elec. : .       Clarity    : .   (no cloak)
Sust.Abil.: . .     Spirit.Shd : .   (no gloves)
Res.Mut.  : .       Stasis     : .   (no boots)
Res.Rott. : +       Flight     : .   (no amulet)
Saprovore : . . .                    (no ring)
                                     k - ring of regeneration

@: non-regenerating, invisible, very slightly contaminated, somewhat resistant
to hostile enchantments, extremely stealthy
A: bottle blood, fangs 3, see invisible, unbreathing
a: Bat Form, Bottle Blood, Minor Destruction, Lesser Servant of Makhleb,
Renounce Religion


You were on level 7 of the Dungeon.
You worshipped Makhleb.
Makhleb was most pleased with you.
You were bloodless.

You visited 2 branches of the dungeon, and saw 8 of its levels.
You also visited: Sewer.

You collected 196 gold pieces.

Inventory:

Hand weapons
 p - a +0,+3 dwarven dagger of venom (weapon)
Missiles
 d - 12 darts (quivered)
Armour
 b - a +1 robe
 y - the +2 robe "Talekueh" (worn) {Str+3 Dex+2}
   (You found it on level 5 of the Dungeon)

   It affects your strength (+3).
   It affects your dexterity (+2).
Magical devices
 x - a wand of paralysis (7)
 D - a wand of cold (7) {unknown}
Scrolls
 e - 3 scrolls of fog
 h - 2 scrolls of identify
 i - 2 scrolls of enchant armour {unknown}
 j - a scroll of remove curse {unknown}
 o - 2 scrolls of teleportation
 s - a scroll of enchant weapon I {unknown}
 u - a scroll of fear
 v - a scroll of recharging {unknown}
 w - a scroll of curse armour {unknown}
 C - 2 scrolls of curse jewellery {unknown}
Jewellery
 k - a ring of regeneration (left hand)
Potions
 a - a potion of speed {unknown}
 f - 4 potions of heal wounds {unknown}
 g - 4 potions of flight
 l - 9 potions of curing {unknown}
 m - a potion of resistance {unknown}
 n - a potion of poison {unknown}
 q - a potion of paralysis {unknown}
 r - a potion of beneficial mutation {unknown}
 t - a potion of cure mutation {unknown}
 z - a potion of magic {unknown}
 A - 2 potions of agility {unknown}
 B - a potion of degeneration {unknown}
Books
 c - a book of Maledictions

   Spells                             Type                      Level
   *Corona                            Hexes                        1
   Sure Blade                         Hexes/Charms                 2
   *Ensorcelled Hibernation           Hexes/Ice                    2
   *Confuse                           Hexes                        3
   *Enslavement                       Hexes                        4
   *Invisibility                      Hexes                        6


   Skills:
 - Level 3.1 Short Blades
 - Level 0.7 Throwing
 - Level 2.1 Dodging
 - Level 8.1 Stealth
 + Level 4.2 Spellcasting
 * Level 13.4 Hexes


You couldn't memorise any spells.
You knew the following spells:

 Your Spells              Type           Power        Failure   Level  Hunger
A - Corona                Hex            ######.      1%          1    None
C - Confuse               Hex            ######..     1%          3    ###....
D - Ensorcelled Hibernat  Hex/Ice        ####..       1%          2    #......
E - Enslavement           Hex            ######..     1%          4    ####...
I - Invisibility          Hex            ######..     10%         6    #######


Dungeon Overview and Level Annotations

Branches:
Dungeon (7/27)             Temple (1/1) D:4
    Orc: D:6-11

Altars:
Ashenzari
Cheibriados
Elyvilon
Kikubaaqudgha
Makhleb
Nemelex Xobeh
Okawaru
Sif Muna
Trog
Vehumet
Xom
Yredelemnul
Zin
the Shining One


Innate Abilities, Weirdness & Mutations

You do not heal naturally.
You can bottle blood from corpses.
You have razor-sharp teeth.*
You have supernaturally acute eyesight.
You can survive without breathing.*


Message History

Confirm with . or Enter, or press ? or * to list all spells.
Aiming: Invisibility
Press: ? - help, Shift-Dir - straight line, f - you You fade into invisibility!
You are very lightly contaminated with residual magic.
The goliath beetle twitches its antennae in your direction.
A giant frog comes into view.
Casting: Invisibility
Confirm with . or Enter, or press ? or * to list all spells.
Aiming: Ensorcelled Hibernation
Press: ? - help, Shift-Dir - straight line, f - goliath beetle
Aim: a goliath beetle The goliath beetle resists.
Casting: Ensorcelled Hibernation
Confirm with . or Enter, or press ? or * to list all spells.
Aiming: Ensorcelled Hibernation
Press: ? - help, Shift-Dir - straight line, f/p - goliath beetle
Aim: a goliath beetle The goliath beetle resists.
The goliath beetle bites you!
You die...

....#.#.####.#..##.#..#####
##..#.#.# #.#..##.#..#
......#.# #........#
##..#.# # #...#.#.## #..#.#
##...#.#.# ##..#.#
#..(.#.#.# ....#.#
#....#.#.#
##..#.#######....#.#.####
................@........
##.##.#####.##..B..###.##
##>##.# #.#....### .......
......# ##.##.. #.#..#.#
##.# #.#.F..# # . ......
...# #..#.# #..# #.#


You could see a goliath beetle and a giant frog (sleeping).

Vanquished Creatures
  The ghost of rdx the Skirmisher, an experienced DsMo of Okawaru (D:6)
  The ghost of Shauncat the Ruffian, an average TrMo (D:5)
  The ghost of Shauncat the Insei, an average DsMo of Makhleb (D:4)
  An orc warrior (D:4)
  3 ice beasts
  A phantom (D:5)
  A centaur (D:6)
  2 giant frogs (D:6)
  A big kobold (Sewer)
  A big fish (Sewer)
  4 crimson imps
  A goliath beetle (D:7)
  An orc priest (D:4)
  2 iguanas
  A centaur skeleton (D:6)
  2 worker ants
  An ogre zombie (D:6)
  An ogre skeleton (D:5)
  7 adders
  4 gnolls
  A green rat (Sewer)
  A giant centipede (D:5)
  A giant mite (D:6)
  2 worms (D:4)
  An iguana skeleton (D:4)
  3 grey rats (Sewer)
  A giant eyeball (D:6)
  5 giant geckos
  4 oozes
  19 orcs
  A bat skeleton (D:6)
  6 hobgoblins
  9 jackals
  23 kobolds
  5 quokkas
  A ball python (D:2)
  12 bats
  5 giant cockroaches
  A giant gecko zombie (D:5)
  5 giant newts
  9 goblins
  A goblin skeleton (D:4)
  A kobold skeleton (D:4)
  An orc skeleton (D:6)
  9 rats
  A rat skeleton (D:6)
165 creatures vanquished.

Vanquished Creatures (others)
  A worker ant (D:4)
1 creature vanquished.

Grand Total: 166 creatures vanquished

Notes
Turn   | Place    | Note
--------------------------------------------------------------
     0 | D:1      | PolkaDot, the Vampire Enchanter, began the quest for the Orb.
     0 | D:1      | Reached XP level 1. HP: 13/13 MP: 4/4
   120 | D:1      | Reached XP level 2. HP: 8/19 MP: 5/5
   398 | D:1      | Reached XP level 3. HP: 18/24 MP: 6/6
   578 | D:1      | Learned a level 3 spell: Confuse
  1860 | D:2      | Reached XP level 4. HP: 18/30 MP: 8/8
  2139 | D:2      | Reached skill level 5 in Hexes
  2622 | D:3      | Found a sparkling altar of Nemelex Xobeh.
  3030 | D:3      | Reached skill level 5 in Stealth
  3328 | D:4      | Reached XP level 5. HP: 33/35 MP: 9/9
  3335 | D:4      | Noticed Shauncat's ghost (average DsMo)
  3370 | D:4      | Killed Shauncat's ghost
  3370 | D:4      | Reached skill level 6 in Stealth
  3370 | D:4      | Reached skill level 7 in Hexes
  3370 | D:4      | Reached XP level 6. HP: 30/41 MP: 1/10
  3665 | D:4      | Found a staircase to the Ecumenical Temple.
  3675 | Temple   | Entered the Ecumenical Temple
  3717 | Temple   | Became a worshipper of Makhleb the Destroyer
  3937 | D:4      | Reached skill level 8 in Hexes
  3952 | D:4      | Paralysed by an orc for 4 turns
  4039 | D:5      | Entered Level 5 of the Dungeon
  4061 | D:5      | Found an iron altar of Okawaru.
  4141 | D:5      | Reached XP level 7. HP: 42/46 MP: 8/11
  4217 | D:5      | Found a glowing drain.
  4220 | D:5      | Reached skill level 9 in Hexes
  4231 | D:5      | Got a distressingly furry robe
  4245 | D:5      | Identified the +2 robe "Talekueh" {Str+3 Dex+2} (You found it on level 5 of the Dungeon)
  4277 | Sewer    | Entered a sewer
  4279 | Sewer    | Acquired Makhleb's first power
  4387 | Sewer    | Reached skill level 10 in Hexes
  4422 | Sewer    | Found a white marble altar of Elyvilon.
  4584 | D:5      | Found a glowing golden altar of the Shining One.
  4588 | D:5      | Noticed Shauncat's ghost (average TrMo)
  4616 | D:5      | Killed Shauncat's ghost
  4616 | D:5      | Reached skill level 11 in Hexes
  4616 | D:5      | Reached XP level 8. HP: 35/52 MP: 3/15
  4703 | D:5      | Found a basalt altar of Yredelemnul.
  4935 | D:5      | Found a shattered altar of Ashenzari.
  5048 | D:5      | Learned a level 6 spell: Invisibility
  5164 | D:6      | Acquired Makhleb's second power
  5170 | D:6      | Found a glowing silver altar of Zin.
  5351 | D:6      | Noticed rdx's ghost (experienced DsMo)
  5358 | D:6      | Reached skill level 12 in Hexes
  5423 | D:6      | Killed rdx's ghost
  5497 | D:6      | Reached skill level 13 in Hexes
  5584 | D:6      | Reached XP level 9. HP: 57/57 MP: 20/20
  5633 | D:6      | Learned a level 4 spell: Enslavement
  5636 | D:6      | Learned a level 2 spell: Ensorcelled Hibernation
  5853 | D:7      | Found a white marble altar of Elyvilon.
  5872 | D:7      | Acquired Makhleb's third power
  5964 | D:7      | Slain by a goliath beetle

Action                   |  1- 3 |  4- 6 |  7- 9 || total
-------------------------+-------+-------+-------++-------
Melee: Dagger            |   134 |   265 |   234 ||   633
 Cast: Confuse           |       |     8 |    22 ||    30
       Invisibility      |       |       |     4 ||     4
       Ensorcelled Hiber |       |       |     3 ||     3
 Abil: End Transformatio |     1 |       |     1 ||     2
       Bat Form          |     1 |       |     1 ||     2
  Use: Potion            |     1 |       |       ||     1
       Scroll            |       |       |     8 ||     8
 Stab: Sleeping          |     5 |     8 |    20 ||    33
       Confused          |       |     7 |    14 ||    21
       Invisible         |       |       |     2 ||     2
       Distracted        |       |       |     1 ||     1
